 Dungeon Crawl Stone Soup version 0.28.0-43-g3370ac3207 (webtiles) character file.

Game seed: 13092814904991572780

111 pkoi the Gusty (level 4, -4/27 HPs)
             Began as an Octopode Air Elementalist on Mar 17, 2022.
             Slain by an orc
             ... wielding a +0 hand axe
              (8 damage)
             ... on level 3 of the Dungeon.
             The game lasted 00:02:38 (2526 turns).

pkoi the Gusty (Octopode Air Elementalist)          Turns: 2526, Time: 00:02:39

Health: -4/27      AC:  1    Str:  7    XL:     4   Next: 92%
Magic:  3/7        EV: 13    Int: 19    God:
Gold:   58         SH:  0    Dex: 12    Spells: 3/7 levels left

rFire   . . .      SeeInvis .   a - +1 dagger (flame)
rCold   . . .      Faith    .   (no shield)
rNeg    . . .      Spirit   .   (helmet restricted)
rPois   .          Reflect  .   (no amulet)
rElec   .          Harm     .   (no ring)
rCorr   .          Rampage  .   (no ring)
Will    .....                   (no ring)
Stlth   +++.......              (no ring)
HPRegen 0.09/turn               (no ring)
MPRegen 0.10/turn               (no ring)
                                (no ring)
                                (no ring)

@: no status effects
A: almost no armour, amphibious, 8 rings, camouflage 1, gelatinous body 1,
(nimble swimmer 1), tentacles
a: no special abilities


You were on level 3 of the Dungeon.
You visited 1 branch of the dungeon, and saw 4 of its levels.

You collected 58 gold pieces.

Inventory:

Hand Weapons
 a - a +1 dagger of flaming (weapon)
 b - a +0 spear
 e - a +0 dagger
Scrolls
 g - 2 scrolls of identify {unknown}
 h - a scroll of vulnerability {unknown}
Potions
 c - 4 potions of curing {unknown}
 d - 2 potions of mutation {unknown}
 f - a potion of lignification {unknown}
 i - 2 potions of heal wounds {unknown}


   Skills:
 - Level 2.0 Dodging
 - Level 2.6 Stealth
 - Level 2.0 Spellcasting
 - Level 1.0 Conjurations
 * Level 5.4 Air Magic


You had 3 spell levels left.
You knew the following spells:

 Your Spells              Type           Power      Damage    Failure   Level
a - Shock                 Conj/Air       56%        1d6       4%          1
b - Swiftness             Air            22%        N/A       5%          3

Your spell library contained the following spells:

 Spells                   Type           Power      Damage    Failure   Level
 Static Discharge         Conj/Air       14%        N/A       7%          2
 Magic Dart               Conj           20%        1d4       11%         1
 Mephitic Cloud           Conj/Pois/Air  10%        N/A       22%         3
 Call Imp                 Summ           1%         N/A       26%         2
 Airstrike                Air            11%        N/A       19%         4


Dungeon Overview and Level Annotations

Branches:
Dungeon (4/15)
 Temple: D:4-7

Altars:


Innate Abilities, Weirdness & Mutations

You cannot wear most types of armour.
You are amphibious.
You can wear up to eight rings at the same time.
Your skin changes colour to match your surroundings (Stealth+).
Your rubbery body absorbs attacks. (AC +1, EV +1)
((You are camouflaged when in or above water. (Stealth+)))
You have tentacles for arms and can constrict up to eight enemies at once.


Message History

An orc is nearby!
The zap hits the orc.
The orc is moderately wounded.
The orc shouts!
The orc throws a boomerang.
The boomerang misses you.
You miscast Shock.
You are very lightly contaminated with residual magic.
Nothing appears to happen.
You miscast Shock.
Nothing appears to happen.
You are too depleted to draw on your mana recklessly!
Unknown command.
The orc throws a boomerang.
The boomerang barely misses you.
Things that are here:
a +0 club; an adder skeleton; a goblin skeleton An adder comes into view.
Your magical contamination has completely faded away.
You see here a howler monkey corpse.
The orc wizard shouts!
There is an escape hatch in the ceiling here.
The orc throws a boomerang.
The boomerang hits you. A mysterious force pulls you upwards.
The hatch slams shut behind you.
The orc shouts! x4; You hear an angry hiss.
Found a stone staircase leading up.
The orc hits you from afar with a +0 trident!
* * * LOW HITPOINT WARNING * * *
The orc closely misses you.
The orc wizard hits you with a +0 dagger.
* * * LOW HITPOINT WARNING * * *
The orc hits you with a +0 trident!
* * * LOW HITPOINT WARNING * * *
A rat comes into view.
The orc throws a boomerang.
The boomerang misses you. The orc barely misses you.
The orc wizard mumbles some strange words.
The orc wizard flickers and vanishes!
Deactivating autopickup; reactivate with Ctrl-A.
The rat barely misses you.
You hit the rat but do no damage. Your grab misses the rat.
The orc hits you with a +0 hand axe!
You die...

#######.#
#.@r....#
#####o#######
#...{o....##
#....o.......
#.........###
#.........#
#######.....
...... ......


You could see 3 orcs and a rat.

Vanquished Creatures
  A howler monkey (D:4)
  3 adders
  A worm (D:2)
  A dart slug (D:2)
  An orc (D:4)
  7 endoplasms
  5 goblins
  3 hobgoblins
  A kobold (D:2)
  3 quokkas
  4 ball pythons
  4 bats (D:1)
  3 frilled lizards
  2 rats (D:1)
39 creatures vanquished.

Notes
Turn   | Place    | Note
-------+----------+-------------------------------------------
     0 | D:1      | pkoi the Octopode Air Elementalist began the quest for the
                  | Orb.
     0 | D:1      | Reached XP level 1. HP: 11/11 MP: 3/3
   168 | D:1      | Found a faded altar of an unknown god.
   368 | D:1      | Reached XP level 2. HP: 17/17 MP: 0/5
   974 | D:1      | Reached skill level 4 in Air Magic
  1223 | D:2      | Reached XP level 3. HP: 21/21 MP: 1/6
  1386 | D:2      | Learned a level 3 spell: Swiftness
  2213 | D:2      | You fall into a shaft and drop 2 floors!
  2228 | D:4      | Reached XP level 4. HP: 13/27 MP: 3/7
  2394 | D:4      | Reached skill level 5 in Air Magic
  2526 | D:3      | Slain by an orc

Illustrated notes

Levels and vault maps discovered:
D:1:      dpeg_arrival_castle, layout_loops_ring,
          chequers_ecumenical_altar_simple_redux
D:2:      layout_basic, minmay_quantized
D:3:      layout_rooms, uniq_crazy_yiuf_cottage, uniq_robin
D:4:      layout_cave_pools, nicolae_qazlal_scattered_showers,
          gammafunk_ghost_abyssal_escape, kennysheep_decorative_pillar,
          kennysheep_generic_room_7

Skill      XL: |  1  2  3  4 |
---------------+-------------+-----
Air Magic      | 4 5 |  5.4
Dodging        | |  2.0
Stealth        | |  2.6
Spellcasting   | |  2.0
Conjurations   | |  1.0

Action                   |  1- 3 |  4- 6 || total
-------------------------+-------+-------++-------
Melee: Unarmed           |     6 |       ||     6
       Constrict         |     7 |       ||     7
       Tentacles         |     6 |       ||     6
       Punch             |     1 |       ||     1
       Dagger            |    24 |     1 ||    25
 Cast: Shock             |    63 |    15 ||    78
  Use: Scroll            |     3 |       ||     3
Armor: Skin              |     6 |       ||     6
Dodge: Dodged            |    29 |     6 ||    35
